Workbook

Sheet listing-produits
A1: Référence article | B1: gencode | C1: Désignation | D1: Unité de vente | E1: Prix NET HT
A2: ="0011" -> 0011 | C2: RIZ LONG BLANC 500G X10 | D2: Unité | E2: 1.58
A3: ="0012" -> 0012 | C3: RIZ ROUGE ETUVE 500G X10 | D3: Unité | E3: 2.73
A4: ="0013" -> 0013 | C4: RIZ NOIR ETUVE 500G X10 | D4: Unité | E4: 3.78
A5: ="0099" -> 0099 | C5: TRIPES PROVENCALE BARQ. 3KG ENV. | D5: Kilo | E5: 8.79
A6: ="095" -> 095 | B6: 3385570050110 | C6: TRIPES PROVENCALES 500 G | D6: Sachet | E6: 4.72
A7: ="0983" -> 0983 | C7: TRIPE PROVENCALE PLAT INOX 5L ENV | D7: Kilo | E7: 10.51
A8: ="103" -> 103 | B8: 3344192100030 | C8: PATE CABANES BTE 1.580 KG. | D8: La Boîte | E8: 13.59
A9: ="103130" -> 103130 | B9: 3344191600029 | C9: PATE DE FOIE CABANES BTE 130G | D9: La Boîte | E9: 2.3
A10: ="104" -> 104 | C10: MOUSSE DE FOIE 1/2 LUNE 1.7KG ENV | D10: Kilo | E10: 5.3
A11: ="1047" -> 1047 | C11: PATE DE LAPIN TER. GRES 3.4KG | D11: Kilo | E11: 13.81
A12: ="105" -> 105 | C12: PATE CAMPAGNE PAIN RECT S/V | D12: Kilo | E12: 5.1
A13: ="109" -> 109 | C13: PATE OLIVES MED. RECT. 1.5 KG.ENV | D13: Kilo | E13: 9.35
A14: ="115110" -> 115110 | C14: ASPIC OEUF JAMBON 95G X12 | D14: Unité | E14: 1.45
A15: ="129965" -> 129965 | B15: 3325420886421 | C15: BRIOCHE SAUCISSON CUIT 380G X4 | D15: Unité | E15: 4.66
A16: ="129967" -> 129967 | C16: SAUC.BRIOCHE 120G X 6 S/ATM | D16: Unité | E16: 2.68
A17: ="13072" -> 13072 | B17: 3325420060395 | C17: FEUILLETE JBON CHAMPIGNON/2 280G | D17: La barquette | E17: 3.36
A18: ="13232" -> 13232 | B18: 3325420020146 | C18: FRIAND A LA VIANDE/2 200G. | D18: La barquette | E18: 2.37
A19: ="13272" -> 13272 | B19: 3325420030534 | C19: FEUILLETE CHEVRE EPINARDS/2 240G | D19: La barquette | E19: 3.36
A20: ="13325" -> 13325 | B20: 3325420030626 | C20: FEUILLETE TOMATE MOZAR./2 260G | D20: La barquette | E20: 3.41
A21: ="133270" -> 133270 | C21: SOUFFLÉ AU FROMAGE 9X100G | D21: Unité | E21: 1.63
A22: ="1335" -> 1335 | B22: 3760193240078 | C22: TIELLE SETOISE/2 110G | D22: La barquette | E22: 3.42
A23: ="1336" -> 1336 | B23: 3760193240115 | C23: TARTE A LA BRANDADE/2 95G | D23: La barquette | E23: 3.74
A24: ="133702" -> 133702 | C24: PISSALADIERE 2 X 95G | D24: La barquette | E24: 3.95
A25: ="1351" -> 1351 | C25: SALADE DE POIS CHICHE BQ 400G | D25: La barquette | E25: 3.07
A26: ="1352" -> 1352 | C26: SALADE LENTILLES BQ 400G | D26: La barquette | E26: 3.07
A27: ="1356" -> 1356 | C27: TAGLIATELLES SURIMI 2.5KG. | D27: Kilo | E27: 8.45
A28: ="1358" -> 1358 | B28: 3281780014303 | C28: TABOULE ORIENTAL HUILE D'OLIVE 2.5KG | D28: Kilo | E28: 5.46
A29: ="13591" -> 13591 | C29: SALADE ITALIENNE PENNE PESTO 1.5KG | D29: Kilo | E29: 7.44
A30: ="13593" -> 13593 | B30: 3346650205660 | C30: SALADE GOURMANDE A L AVOCAT 1.5KG | D30: Kilo | E30: 9.13
A31: ="13594" -> 13594 | B31: 3700212545159 | C31: FANTAISIE DES CARAIBES 2KG | D31: Kilo | E31: 10.09
A32: ="13595" -> 13595 | C32: CREVETTES GAMBAS MANDARINES 2KG | D32: Kilo | E32: 14.29
A33: ="13700" -> 13700 | B33: 3038680025775 | C33: HARENG A L'HUILE SEAU 3KG | D33: Le seau de 3 kg | E33: 33.72
A34: ="1384" -> 1384 | B34: 3700212545012 | C34: SALADE DE CALAMARS 2KG | D34: Kilo | E34: 11.9
A35: ="138605" -> 138605 | C35: SALADE ALASKA 1.5KG | D35: Kilo | E35: 11.15
A36: ="1396" -> 1396 | C36: ROUILLE A LA GRAULENNE 1.6KG | D36: Kilo | E36: 15.5
A37: 1396B | C37: ROUILLE A LA GRAULENNE BQ 400G | D37: La barquette | E37: 6.53
A38: ="1397" -> 1397 | B38: 3760193240009 | C38: SOUPE POISSON 780G + ROUILLE 90G | D38: Unité | E38: 6.15
A39: ="14760" -> 14760 | C39: GRIGNOTONS CHORIZO S.500G ENV | D39: Kilo | E39: 17.46
A40: ="14761" -> 14761 | C40: GRIGNOTONS NATURE S.500G ENV | D40: Kilo | E40: 17.46
A41: ="14762" -> 14762 | C41: GRIGNOTONS PARMESAN S.500G ENV | D41: Kilo | E41: 17.46
A42: ="14763" -> 14763 | C42: GRIGNOTONS POIVRE S. 500G ENV | D42: Kilo | E42: 17.46
A43: ="14764" -> 14764 | C43: PETIT MINISSON 500G ENV | D43: Kilo | E43: 22.19
A44: ="14765" -> 14765 | C44: GRIGNOTONS PROVENCAL S.500G. | D44: Kilo | E44: 17.46
A45: ="14766" -> 14766 | C45: GRIGNOTONS AUX NOIX S.500G | D45: Kilo | E45: 17.46
A46: ="1485" -> 1485 | C46: CANNELONI 2.5KG ENV | D46: Kilo | E46: 11.35
A47: ="14920" -> 14920 | B47: 3338310003013 | C47: LASAGNE BOEUF 3KG | D47: Kilo | E47: 10.85
A48: ="149205" -> 149205 | C48: ENDIVES AU JAMBON GRATINEES BQ 400G | D48: La barquette | E48: 5.43
A49: ="149206" -> 149206 | C49: PETITS FARCIS AU PORC BQ 500G | D49: La barquette | E49: 6.86
A50: ="1503" -> 1503 | C50: MOULES FARCIES A LA PROVENCALE 2.4KG ENV | D50: Kilo | E50: 14.99
A51: ="1520" -> 1520 | B51: 3349145252002 | C51: ENCORNET FARCI SETOISE 2KGX2 (4KG) | D51: Kilo | E51: 12.83
A52: ="152219" -> 152219 | C52: TOMATES FARCIES ARTISANALES BQ 1.9KG ENV | D52: Kilo | E52: 12.55
A53: ="1523" -> 1523 | C53: CHOUX FARCIS CUIT BQ 2.2 KG ENV | D53: Kilo | E53: 10.7
A54: ="154" -> 154 | C54: PC TRAIT. FLORENTIN 1/2 S/V (NATURE) 2.5KG ENV | D54: Kilo | E54: 11.31
A55: ="155" -> 155 | C55: PC TRAITEUR SV 2.5KG ENV | D55: Kilo | E55: 11.31
A56: ="1553" -> 1553 | C56: PC RICHELIEU RESTAURATION (richelieu) TRANCHE VPF | D56: Kilo | E56: 7.99
A57: ="1556" -> 1556 | C57: PC RICHELIEU 2 TRANCHES (0.200G ENV) | D57: Kilo | E57: 12.3
A58: ="15561" -> 15561 | C58: PC FRANC COMTOIS MORILLES /CHAMP.NOIRS 100G | D58: Unité | E58: 1.99
A59: ="15562" -> 15562 | C59: PC RICHELIEU SUP. PISTACHES/MOUSSE DE CANARD 100G | D59: Unité | E59: 1.93
A60: ="156" -> 156 | C60: PC MOUSSE FOIE VOL. S/V (RICHELIEU) 2.5KG ENV | D60: Kilo | E60: 8.38
A61: ="1588" -> 1588 | C61: PC PINTADE MORILLES CHAMP. 1/2 SV 2.5KG ENV | D61: Kilo | E61: 16.56
A62: ="169008" -> 169008 | C62: F.G. CAND ENTIER BQ 800G MC | D62: Unité | E62: 53.2
A63: ="169033" -> 169033 | C63: F.G. CAND 30% MX Bte 400G. SARRADE FR | D63: La Boîte | E63: 19
A64: ="17111" -> 17111 | B64: 3349149030804 | C64: PAELLA ROYALE 800G | D64: Unité | E64: 7.61
A65: ="17112" -> 17112 | C65: PAELLA VALENCIANA 6KG ENV | D65: Kilo | E65: 7.9
A66: ="17115" -> 17115 | C66: PAELLA ROYALE 3KG | D66: Kilo | E66: 8.2506
A67: ="171180" -> 171180 | B67: 3257630008785 | C67: BRANDADE MORUE NIMOISE 180G/6 | D67: Unité | E67: 3.14
A68: ="17125" -> 17125 | C68: KIT PAELLA AU POULET 4.720KG | D68: Le kit | E68: 40.23
A69: ="172815" -> 172815 | B69: 3368270278497 | C69: PAUPIETTE SAUMON BEURRE CIT. 1.44KG | D69: Kilo | E69: 17.56
A70: ="172964" -> 172964 | C70: DOS DE CABILLAUD BEURRE D'AGRUMES 1.1KG | D70: Kilo | E70: 19.2
A71: ="172966" -> 172966 | C71: DOS DE CABILLAUD SC SAVEURS CRUSTACES 1.8KG | D71: Kilo | E71: 18.04
A72: ="172967" -> 172967 | C72: COROLLE DE SOLE TROPICALE FARCIE SC EPICES DOUCE 1.8KG | D72: Kilo | E72: 13.84
A73: ="172970" -> 172970 | C73: NOIX DE ST JACQUES PETITS LEGUMES ET SES GAMBAS 1.8KG | D73: Kilo | E73: 20.52
A74: ="172975" -> 172975 | B74: 3368270401161 | C74: QUENELLE BROCHET S. SAFRAN 2.1KG | D74: Kilo | E74: 12.65
A75: ="174" -> 174 | B75: 3291510001343 | C75: SAUCISSE DE STRASBOURG BA | D75: Unité | E75: 7.55
A76: ="175" -> 175 | C76: SAUC. A CUIRE DE LYON 350G/4 (1.400KG) | D76: Kilo | E76: 13
A77: ="1750" -> 1750 | C77: SAUC. A CUIRE LYON PISTACHE 350G/4 (1.400KG) | D77: Kilo | E77: 13.717
A78: ="177" -> 177 | C78: SAUCISSE DE FRANCFORT BN S/A | D78: Kilo | E78: 11.8
A79: ="178" -> 178 | C79: CHOUCROUTE CUITE VIN BLANC SEAU 10KG | D79: Le seau de 10 kg | E79: 18.83
A80: ="1781" -> 1781 | C80: CHOUCROUTE CUISINEE LABEL ROUGE SEAU 1KG | D80: Le seau de 3 kg | E80: 2.59
A81: ="1782" -> 1782 | C81: CHOUCROUTE CRUE LABEL ROUGE SEAU 1KG | D81: Le seau de 3 kg | E81: 1.6
A82: ="179" -> 179 | C82: CHOUCROUTE CRUE SEAU DE 10KG. | D82: Le seau de 10 kg | E82: 12.96
A83: ="1790" -> 1790 | C83: CHOUCROUTE PAYSANNE BOITE 5/1 | D83: La Boîte | E83: 9.35
A84: ="1791" -> 1791 | C84: CHOUCROUTE GARNIE 1KG | D84: La barquette | E84: 7.77
A85: ="1792" -> 1792 | C85: KIT CHOUCROUTE GARNIE 4.550KG | D85: Unité | E85: 35.63
A86: ="180" -> 180 | C86: SAUCISSE DE FRANCFORT B.A. | D86: Unité | E86: 7.55
A87: ="1801" -> 1801 | C87: SAUCISSE MORTEAU X 1 IGP 350G. | D87: Unité | E87: 4.93
A88: ="1804" -> 1804 | C88: SAUCISSE MORTEAU X 4 SV IGP | D88: Kilo | E88: 13.49
A89: ="182" -> 182 | C89: SAUCISSE COUENNES | D89: Kilo | E89: 9.78
A90: ="183" -> 183 | C90: SAUCISSE KNACKS BN S/AT | D90: Kilo | E90: 11.34
A91: ="18810" -> 18810 | C91: SAUCISSE MONTBELIARD X 10 IGP | D91: Kilo | E91: 11.02
A92: ="1884" -> 1884 | C92: SAUCISSE MONTBELLIARD IGP SV X2 (300G) | D92: Unité | E92: 3.6
A93: ="1885" -> 1885 | C93: CARRE FUME CUIT SANS OS 1/2 SV | D93: Kilo | E93: 12.86
A94: ="1891" -> 1891 | C94: PALETTE FUMEE 1/2 CUITE S/OS | D94: Kilo | E94: 12.02
A95: ="190" -> 190 | C95: BOUDIN GALABART S/V X1 | D95: Kilo | E95: 9.16
A96: ="191" -> 191 | C96: BOUDIN GALABART S/V X5 | D96: Kilo | E96: 7.15
A97: ="192" -> 192 | C97: BOUDIN LANGUE 2.5KG ENV. | D97: Kilo | E97: 9
A98: ="193" -> 193 | C98: BOUDIN NOIR OIGNONS BRASSE 1.5KG ENV | D98: Kilo | E98: 8.01
A99: ="1935" -> 1935 | C99: BOUDIN OIGNONS PORTIONS | D99: Kilo | E99: 5.79
A100: 193A | B100: 3385570030617 | C100: BOUDIN OIGNONS CONFITS 600G | D100: Portion 600g. | E100: 4.61
...

Sheet POUR CLIENT
A1: Référence article | B1: gencode | C1: Désignation | D1: Unité de vente | E1: Prix NET HT
A2: 0099 | B2: =IFERROR(VLOOKUP($A2,Tableau1[#All],2,0),"") -> 0 | C2: =IFERROR(VLOOKUP($A2,Tableau1[#All],3,0),"") -> TRIPES PROVENCALE BARQ. 3KG ENV. | D2: =IFERROR(VLOOKUP($A2,Tableau1[#All],4,0),"") -> Kilo | E2: =IFERROR(VLOOKUP($A2,Tableau1[#All],5,0),"") -> 8.79
B3: =IFERROR(VLOOKUP(A3,'listing-produits'!A:E,2,FALSE),"") | C3: =IFERROR(VLOOKUP(A3,'listing-produits'!A:E,3,FALSE),"") | D3: =IFERROR(VLOOKUP(A3,'listing-produits'!A:E,4,FALSE),"") | E3: =IFERROR(VLOOKUP(A3,'listing-produits'!A:E,5,FALSE),"")
B4: =IFERROR(VLOOKUP(A4,'listing-produits'!A:E,2,FALSE),"") | C4: =IFERROR(VLOOKUP(A4,'listing-produits'!A:E,3,FALSE),"") | D4: =IFERROR(VLOOKUP(A4,'listing-produits'!A:E,4,FALSE),"") | E4: =IFERROR(VLOOKUP(A4,'listing-produits'!A:E,5,FALSE),"")
B5: =IFERROR(VLOOKUP(A5,'listing-produits'!A:E,2,FALSE),"") | C5: =IFERROR(VLOOKUP(A5,'listing-produits'!A:E,3,FALSE),"") | D5: =IFERROR(VLOOKUP(A5,'listing-produits'!A:E,4,FALSE),"") | E5: =IFERROR(VLOOKUP(A5,'listing-produits'!A:E,5,FALSE),"")
B6: =IFERROR(VLOOKUP(A6,'listing-produits'!A:E,2,FALSE),"") | C6: =IFERROR(VLOOKUP(A6,'listing-produits'!A:E,3,FALSE),"") | D6: =IFERROR(VLOOKUP(A6,'listing-produits'!A:E,4,FALSE),"") | E6: =IFERROR(VLOOKUP(A6,'listing-produits'!A:E,5,FALSE),"")
B7: =IFERROR(VLOOKUP(A7,'listing-produits'!A:E,2,FALSE),"") | C7: =IFERROR(VLOOKUP(A7,'listing-produits'!A:E,3,FALSE),"") | D7: =IFERROR(VLOOKUP(A7,'listing-produits'!A:E,4,FALSE),"") | E7: =IFERROR(VLOOKUP(A7,'listing-produits'!A:E,5,FALSE),"")
B8: =IFERROR(VLOOKUP(A8,'listing-produits'!A:E,2,FALSE),"") | C8: =IFERROR(VLOOKUP(A8,'listing-produits'!A:E,3,FALSE),"") | D8: =IFERROR(VLOOKUP(A8,'listing-produits'!A:E,4,FALSE),"") | E8: =IFERROR(VLOOKUP(A8,'listing-produits'!A:E,5,FALSE),"")
B9: =IFERROR(VLOOKUP(A9,'listing-produits'!A:E,2,FALSE),"") | C9: =IFERROR(VLOOKUP(A9,'listing-produits'!A:E,3,FALSE),"") | D9: =IFERROR(VLOOKUP(A9,'listing-produits'!A:E,4,FALSE),"") | E9: =IFERROR(VLOOKUP(A9,'listing-produits'!A:E,5,FALSE),"")
B10: =IFERROR(VLOOKUP(A10,'listing-produits'!A:E,2,FALSE),"") | C10: =IFERROR(VLOOKUP(A10,'listing-produits'!A:E,3,FALSE),"") | D10: =IFERROR(VLOOKUP(A10,'listing-produits'!A:E,4,FALSE),"") | E10: =IFERROR(VLOOKUP(A10,'listing-produits'!A:E,5,FALSE),"")
B11: =IFERROR(VLOOKUP(A11,'listing-produits'!A:E,2,FALSE),"") | C11: =IFERROR(VLOOKUP(A11,'listing-produits'!A:E,3,FALSE),"") | D11: =IFERROR(VLOOKUP(A11,'listing-produits'!A:E,4,FALSE),"") | E11: =IFERROR(VLOOKUP(A11,'listing-produits'!A:E,5,FALSE),"")
B12: =IFERROR(VLOOKUP(A12,'listing-produits'!A:E,2,FALSE),"") | C12: =IFERROR(VLOOKUP(A12,'listing-produits'!A:E,3,FALSE),"") | D12: =IFERROR(VLOOKUP(A12,'listing-produits'!A:E,4,FALSE),"") | E12: =IFERROR(VLOOKUP(A12,'listing-produits'!A:E,5,FALSE),"")
B13: =IFERROR(VLOOKUP(A13,'listing-produits'!A:E,2,FALSE),"") | C13: =IFERROR(VLOOKUP(A13,'listing-produits'!A:E,3,FALSE),"") | D13: =IFERROR(VLOOKUP(A13,'listing-produits'!A:E,4,FALSE),"") | E13: =IFERROR(VLOOKUP(A13,'listing-produits'!A:E,5,FALSE),"")
B14: =IFERROR(VLOOKUP(A14,'listing-produits'!A:E,2,FALSE),"") | C14: =IFERROR(VLOOKUP(A14,'listing-produits'!A:E,3,FALSE),"") | D14: =IFERROR(VLOOKUP(A14,'listing-produits'!A:E,4,FALSE),"") | E14: =IFERROR(VLOOKUP(A14,'listing-produits'!A:E,5,FALSE),"")
... B30: =IFERROR(VLOOKUP(A30,'listing-produits'!A:E,2,FALSE),"") | C30: =IFERROR(VLOOKUP(A30,'listing-produits'!A:E,3,FALSE),"") | D30: =IFERROR(VLOOKUP(A30,'listing-produits'!A:E,4,FALSE),"") | E30: =IFERROR(VLOOKUP(A30,'listing-produits'!A:E,5,FALSE),"")
E31: =IFERROR(VLOOKUP(A31,'listing-produits'!A:E,5,FALSE),"")
